 Dungeon Crawl Stone Soup version 0.28-a0-657-g71136c5590 (webtiles) character file.

Game seed: 10071282102901500471

22 siradein the Caller (level 2, -4/19 HPs)
             Began as a Demonspawn Summoner on Oct 13, 2021.
             Frozen to death by an endoplasm (5 damage)
             ... on level 2 of the Dungeon.
             The game lasted 00:02:15 (2819 turns).

siradein the Caller (Demonspawn Summoner)           Turns: 2819, Time: 00:02:15

Health: -4/19      AC:  2    Str:  8    XL:     2   Next: 68%
Magic:  3/5        EV: 16    Int: 16    God:
Gold:   61         SH:  4    Dex: 13    Spells: 3/6 levels left

rFire   . . .      SeeInvis .   (no weapon)
rCold   . . .      Faith    .   (no shield)
rNeg    . . .      Spirit   .   a - +0 robe
rPois   .          Reflect  .   (no helmet)
rElec   .          Harm     .   (no cloak)
rCorr   .          Rampage  .   (no gloves)
Will    +....                   (no boots)
Stlth   ++........              (no amulet)
HPRegen 0.06/turn               b - +4 ring of evasion
MPRegen 0.09/turn               d - ring of willpower

@: no status effects
A: condensation shield
a: no special abilities


You were on level 2 of the Dungeon.
You visited 1 branch of the dungeon, and saw 2 of its levels.

You collected 61 gold pieces.

Inventory:

Armour
 a - a +0 robe (worn)
Jewellery
 b - a +4 ring of evasion (left hand)
 d - a ring of willpower (right hand)
Scrolls
 f - a scroll of identify {unknown}
Potions
 c - a potion of berserk rage {unknown}
 e - a potion of resistance {unknown}


   Skills:
 - Level 1.7 Dodging
 - Level 1.7 Stealth
 + Level 2.6 Spellcasting
 + Level 4.4 Summonings


You had 3 spell levels left.
You knew the following spells:

 Your Spells              Type           Power      Damage    Failure   Level
a - Summon Small Mammal   Summ           64%        N/A       3%          1
b - Call Imp              Summ           16%        N/A       4%          2

Your spell library contained the following spells:

 Spells                   Type           Power      Damage    Failure   Level
 Call Canine Familiar     Summ           16%        N/A       10%         3
 Summon Guardian Golem    Hex/Summ       9%         N/A       24%         3
 Summon Lightning Spire   Summ/Air       9%         N/A       61%         4


Dungeon Overview and Level Annotations

Branches:
Dungeon (2/15)

Altars:


Innate Abilities, Weirdness & Mutations

A meltable shield of frost defends you. (SH +4)


Message History

An endoplasm comes into view.
The endoplasm quivers.
You hit the endoplasm but do no damage. The endoplasm freezes you.
You are frozen.
You hit the endoplasm but do no damage. The endoplasm freezes you.
You are frozen.
You hit the endoplasm but do no damage. The endoplasm freezes you.
You are frozen.
You hit the endoplasm.
The endoplasm is moderately wounded.
The endoplasm freezes you.
You are frozen.
Casting: Call Imp (safe; 4% risk of failure)
Press: ? - help, Q - select action, (/) - cycle Dir - look around, f - activate A beastly little devil appears in a puff of flame.
The kobold hits you with a +0 short sword.
* * * LOW HITPOINT WARNING * * *
The endoplasm freezes you.
You are frozen.
* * * LOW HITPOINT WARNING * * *
The kobold misses you. The endoplasm misses your crimson imp.
Your crimson imp hits the kobold.
The kobold completely misses your crimson imp.
The endoplasm hits your crimson imp but does no damage.
Your crimson imp hits the kobold but does no damage.
The kobold completely misses your crimson imp.
The endoplasm misses your crimson imp.
Your crimson imp barely misses the kobold.
The kobold barely misses your crimson imp.
Your crimson imp blinks!
The kobold barely misses your crimson imp.
Your crimson imp hits the kobold.
The kobold dies!
Your crimson imp hits the endoplasm.
The endoplasm freezes you.
You are frozen.
You die...

.# .. # ##.##. .#
..... .#. #... ..
#.. .#
######.#####.#
#...........#
....#...!..)..@.#
#...#.......5J..#
#...#...........##
#...##...........#
#.(.##.###.#####.#
#...##.....# #.#
#...##..########.#
#<...............#
##..##...##......#


You could see an endoplasm (ally target) and a friendly crimson imp (summoned).

Vanquished Creatures
  A dart slug (D:1)
  A bat (D:1)
  A giant cockroach (D:2)
  2 ball pythons (D:1)
5 creatures vanquished.

Vanquished Creatures (collateral kills)
  A bat (D:1)
  2 endoplasms (D:1)
  A goblin (D:1)
  A hobgoblin (D:1)
  4 jackals (D:1)
  2 kobolds
11 creatures vanquished.

Grand Total: 16 creatures vanquished

Notes
Turn   | Place    | Note
-------+----------+-------------------------------------------
     0 | D:1      | siradein the Demonspawn Summoner began the quest for the
                  | Orb.
     0 | D:1      | Reached XP level 1. HP: 13/13 MP: 3/3
  1113 | D:1      | Gained mutation: A meltable shield of frost defends you.
                  | (SH +4) [demonic ancestry]
  1113 | D:1      | Reached XP level 2. HP: 9/19 MP: 3/5
  2310 | D:1      | Learned a level 2 spell: Call Imp
  2819 | D:2      | Frozen to death by an endoplasm

Illustrated notes

Levels and vault maps discovered:
D:1:      matt_arrival_refuge, layout_basic, st_stairs_6
D:2:      layout_basic, hellmonk_ecumenical_altar_inner_sanctum,
          small_statue_intersection, uniq_natasha, uniq_sigmund, uniq_robin

Action                   || total
-------------------------++-------
Melee: Unarmed           ||   158
 Cast: Summon Small Mamm ||    12
       Call Imp          ||     1
 Stab: Sleeping          ||     4
Armor: Robe              ||    23
Dodge: Dodged            ||   126
Block: Other             ||    19

Table legend: (Time is in decaauts)
 A = Elapsed time spent in this place.
 B = Non-inter-level travel time spent in this place.
 C = Inter-level travel time spent in this place.
 D = Time resting spent in this place.
 E = Time spent auto-exploring this place.
 F = Levels seen in this place.
 G = Mean time per level.
                   A        B        C        D        E       F      G
               +--------+--------+--------+--------+--------+-----+--------+
         Total |   2818 |   2768 |     50 |    427 |   1960 |   2 | 1409.0 |
       Dungeon |   2818 |   2768 |     50 |    427 |   1960 |   2 | 1409.0 |
               +--------+--------+--------+--------+--------+-----+--------+

Top non-repeatable levels by time:
     D:1: 2477 daAuts
     D:2: 341 daAuts
